 Dungeon Crawl Stone Soup version 0.28.0 (webtiles) character file.

Game seed: 2358967219416712093

254 Zeld the Magician (level 5, -3/28 HPs)
             Began as a Deep Elf Fire Elementalist on Feb 19, 2022.
             Slain by Edmund (5 damage)
             ... on level 4 of the Dungeon.
             The game lasted 00:03:23 (3911 turns).

Zeld the Magician (Deep Elf Fire Elementalist)      Turns: 3911, Time: 00:03:23

Health: -3/28      AC:  2    Str:  5    XL:     5   Next: 91%
Magic:  4/14       EV: 13    Int: 22    God:
Gold:   160        SH:  0    Dex: 15    Spells: 3/13 levels left

rFire   . . .      SeeInvis .   (no weapon)
rCold   . . .      Faith    .   (no shield)
rNeg    . . .      Spirit   .   (no armour)
rPois   +          Reflect  .   l - +0 helmet
rElec   .          Harm     .   o - +0 cloak {rPois}
rCorr   .          Rampage  .   (no gloves)
Will    .....                   (no boots)
Stlth   ++........              (no amulet)
HPRegen 0.09/turn               (no ring)
MPRegen 0.14/turn               (no ring)

@: no status effects
A: no striking features
a: no special abilities


You were on level 4 of the Dungeon.
You visited 1 branch of the dungeon, and saw 4 of its levels.

You collected 160 gold pieces.

Inventory:

Armour
 l - a +0 helmet (worn)
 o - a +0 cloak of poison resistance (worn)
Jewellery
 e - a ring of flight
 m - a ring of protection from cold
Wands
 j - a wand of polymorph (4)
Scrolls
 b - 3 scrolls of identify {unknown}
 g - a scroll of fog {unknown}
 i - a scroll of enchant weapon {unknown}
 n - a scroll of teleportation {unknown}
Potions
 c - a potion of resistance {unknown}
 d - a potion of brilliance {unknown}
 f - 3 potions of curing {unknown}
 h - a potion of heal wounds {unknown}
 k - a potion of magic {unknown}


   Skills:
 + Level 3.5 Dodging
 + Level 3.7 Stealth
 * Level 4.9 Spellcasting
 + Level 2.6 Conjurations
 * Level 4.8 Fire Magic


You had 3 spell levels left.
You knew the following spells:

 Your Spells              Type           Power      Damage    Failure   Level
a - Foxfire               Conj/Fire      88%        2x1d8     2%          1
b - Scorch                Fire           52%        2d8       1%          2
c - Inner Flame           Hex/Fire       16%        N/A       11%         3
d - Flame Wave            Conj/Fire      22%        2d7       22%         4

Your spell library contained the following spells:

 Spells                   Type           Power      Damage    Failure   Level
 Conjure Flame            Conj/Fire      22%        6-21      6%          3
 Animate Skeleton         Necr           10%        N/A       11%         1
 Beastly Appendage        Tmut           10%        N/A       11%         1
 Pain                     Necr           20%        1d5       11%         1
 Corpse Rot               Necr/Air       10%        N/A       16%         2
 Wereblood                Tmut           5%         N/A       16%         2
 Spider Form              Tmut/Pois      5%         N/A       30%         3
 Vampiric Draining        Necr           5%         2d6       30%         3
 Dispel Undead            Necr           5%         3d7       71%         4
 Summon Ice Beast         Ice/Summ       5%         N/A       71%         4
 Summon Mana Viper        Hex/Summ       5%         N/A       96%         5
 Death Channel            Necr           2%         N/A       100%        6
 Monstrous Menagerie      Summ           2%         N/A       100%        7


Dungeon Overview and Level Annotations

Branches:
Dungeon (4/15)
 Temple: D:4-7

Altars:
Hepliaklqana
Qazlal
Zin

Annotations:
D:4 Edmund


Message History

Unknown command.
Search for what [Enter for "armor", or ? for help]?
Done exploring.
Done exploring.
There is an open translucent door here.
Things that are here:
a +3 quarterstaff of chaos; the gnoll skeleton of Crazy Yiuf
There is a stormy altar of Qazlal here.
There is a stone staircase leading down here.
You climb downwards.
There is a stone staircase leading up here.
Edmund is nearby!
Casting: Scorch (safe; 1% risk of failure)
Confirm with . or Enter, or press ? or * to list all spells.
Flames lash Edmund.
Edmund shouts!
Edmund is moderately wounded.
Edmund's fire resistance burns away.
Casting: Scorch (safe; 1% risk of failure)
Confirm with . or Enter, or press ? or * to list all spells.
Flames lash Edmund.
Edmund is burned terribly!
Edmund is heavily wounded.
Edmund hits you with a +2 vorpal dire flail.
Casting: Scorch (safe; 1% risk of failure)
Confirm with . or Enter, or press ? or * to list all spells.
Flames lash Edmund but do no damage.
Edmund hits you with a +2 vorpal dire flail!
Ouch! That really hurt!
* * * LOW HITPOINT WARNING * * *
x2
Casting: Scorch (safe; 1% risk of failure)
Confirm with . or Enter, or press ? or * to list all spells.
Flames lash Edmund.
Edmund is burned terribly!
Edmund is heavily wounded.
Edmund misses you.
Unknown command.
Casting: Scorch (safe; 1% risk of failure)
Confirm with . or Enter, or press ? or * to list all spells.
Flames lash Edmund but do no damage.
Edmund hits you with a +2 vorpal dire flail.
You die...

#######+#
#.......+
#.......#
.......#
#......#
#......#
#..@...#
+..@...#
#......+
######+#


You could see Edmund (combustible).

Vanquished Creatures
  Crazy Yiuf (D:3)
  Terence (D:2)
  Natasha (thrice) (D:3)
  Robin (D:2)
  5 adders
  A worm (D:3)
  A dart slug (D:2)
  2 orcs (D:3)
  3 ball pythons (D:2)
  5 endoplasms
  3 giant cockroaches
  15 goblins
  4 hobgoblins
  A kobold (D:2)
  4 quokkas
  7 bats
  3 frilled lizards
  A rat (D:2)
61 creatures vanquished.

Vanquished Creatures (collateral kills)
  4 foxfires (D:3)
4 creatures vanquished.

Vanquished Creatures (others)
  214 foxfires
  A fungus (D:3)
215 creatures vanquished.

Grand Total: 280 creatures vanquished

Notes
Turn   | Place    | Note
-------+----------+-------------------------------------------
     0 | D:1      | Zeld the Deep Elf Fire Elementalist began the quest for the
                  | Orb.
     0 | D:1      | Reached XP level 1. HP: 10/10 MP: 6/6
   220 | D:1      | You fall into a shaft and drop 1 floor!
   337 | D:2      | Reached XP level 2. HP: 15/15 MP: 6/8
   340 | D:2      | Learned a level 2 spell: Scorch
   872 | D:1      | Found a faded altar of an unknown god.
  1144 | D:1      | Reached XP level 3. HP: 19/19 MP: 7/10
  1148 | D:1      | Learned a level 3 spell: Inner Flame
  1804 | D:2      | Noticed Terence
  1826 | D:2      | Killed Terence
  1827 | D:2      | Reached XP level 4. HP: 24/24 MP: 1/12
  1832 | D:2      | Learned a level 4 spell: Flame Wave
  1989 | D:2      | Noticed Robin
  2009 | D:2      | Killed Robin
  2427 | D:3      | Found a hazy altar of Hepliaklqana.
  2459 | D:3      | Identified the +1 swamp dragon scales of Lilacs {rPois
                  | Slay+5}
  2550 | D:3      | Found a stormy altar of Qazlal.
  2620 | D:3      | Noticed Natasha
  2624 | D:3      | Killed Natasha
  2625 | D:3      | Reached XP level 5. HP: 28/28 MP: 10/13
  2786 | D:3      | Noticed Natasha
  2791 | D:3      | Killed Natasha
  2966 | D:3      | Noticed Natasha
  2980 | D:3      | Killed Natasha
  3163 | D:3      | Found a glowing silver altar of Zin.
  3531 | D:3      | Found a runed translucent door.
  3532 | D:3      | Noticed Crazy Yiuf
  3546 | D:3      | Killed Crazy Yiuf
  3906 | D:4      | Noticed Edmund
  3909 | D:4      | HP: 1/28 [Edmund (4)]
  3911 | D:4      | Slain by Edmund

Illustrated notes

Levels and vault maps discovered:
D:1:      dpeg_arrival_rhombus, layout_loops_ring, basic_ecumenical_altar
D:2:      layout_basic, uniq_robin, uniq_terence
D:3:      layout_rooms, nicolae_overflow_crystal_walls, lemuel_round_altar,
          mainiacjoe_overflow_alcove_4, uniq_natasha, uniq_crazy_yiuf_cottage
D:4:      minmay_clustersquares, layout_gridville, minmay_temple_entry_fiery,
          minmay_misc_feat_plants, uniq_duvessa, uniq_edmund

Skill      XL: |  1  2  3  4 |
---------------+-------------+-----
Dodging        | 3 |  3.5
Stealth        | 3 |  3.7
Spellcasting   | 4 |  4.9
Fire Magic     | 4 |  4.8
Conjurations   | 2 |  2.6

Action                   |  1- 3 |  4- 6 || total
-------------------------+-------+-------++-------
Melee: Unarmed           |     3 |     2 ||     5
 Cast: Foxfire           |    66 |    66 ||   132
       Scorch            |     8 |    17 ||    25
Armor: Robe              |     2 |     3 ||     5
       Skin              |     2 |       ||     2
Dodge: Dodged            |     4 |     9 ||    13
